 Dungeon Sprint DCSS version 0.25-a0-734-g73332aeda9 (webtiles) character file.

Game seed: 9554936817000877299, levelgen mode: deterministic

9468 15rune the Carver (level 11, -10/117 HPs)
             Began as a Troll Monk on Apr 11, 2020.
             Was the Champion of Makhleb.
             Killed from afar by a fire dragon (19 damage)
             ... with a blast of flame
             ... in the Dungeon (Sprint V: "Ziggurat Sprint").
             The game lasted 00:08:04 (482 turns).

15rune the Carver (Troll Monk)                       Turns: 482, Time: 00:08:05

Health: -10/117    AC: 26    Str: 36    XL:     11   Next: 23%
Magic:  14/16      EV:  1    Int:  6    God:    Makhleb [******]
Gold:   0          SH: 31    Dex: 17    Spells: 10/10 levels left

rFire    + . .     SeeInvis .   H - +7 Screaming Sword {vorpal, sonic wave}
rCold    + . .     Gourm    +   b - +18 shield of the Gong {rElec rN+ MR+ EV-5}
rNeg     + + .     Faith    .   a - +5 gold dragon scales
rPois    +         Spirit   .   (helmet restricted)
rElec    +         Reflect  .   (no cloak)
rCorr    .         Harm     .   (gloves unavailable)
MR       +....     NoTele   +   (boots unavailable)
Stlth    ..........             S - amulet of the Harvest {Gourm rElec rN+ Dex+5}
HPRegen  0.69/turn              E - +6 ring of strength
MPRegen  0.15/turn              D - +6 ring of strength

@: very slightly contaminated, studying Unarmed Combat
A: large, unfitting armour, claws 3, fast metabolism 3, gourmand, regeneration
1, shaggy fur 1, tough skin 3
a: Minor Destruction, Lesser Servant of Makhleb, Major Destruction, Greater
Servant of Makhleb, Renounce Religion


You were in the Dungeon.
You worshipped Makhleb.
Makhleb was exalted by your worship.
You were completely stuffed.

You visited 1 branch

Inventory:

Hand Weapons
 H - the +7 Screaming Sword (weapon) {vorpal, sonic wave}
   (You found it in the Dungeon)

   It inflicts extra damage upon your enemies.
 I - the +8 lance "Wyrmbane" {slay drac, rPois rF+ rC+ AC+3}
   (You found it in the Dungeon)

   It affects your AC (+3).
   It protects you from fire.
   It protects you from cold.
   It protects you from poison.
 J - the +11 plutonium sword {*Contam Stlth-}
   (You found it in the Dungeon)

   It causes magical contamination when unequipped.
   It makes you less stealthy.
Armour
 a - +5 gold dragon scales (worn)
 b - the +18 shield of the Gong (worn) {rElec rN+ MR+ EV-5}
   (You found it in the Dungeon)

   It affects your evasion (-5).
   It insulates you from electricity.
   It protects you from negative energy.
   It affects your resistance to hostile enchantments.
Magical Staves
 G - an uncursed staff of energy
 R - an uncursed staff of summoning
 U - an uncursed staff of death
Jewellery
 y - an uncursed ring of flight
 z - a +6 ring of dexterity
 A - a +6 ring of dexterity
 B - a +6 ring of intelligence
 C - a +6 ring of intelligence
 D - a +6 ring of strength (right claw)
 E - a +6 ring of strength (left claw)
 K - an uncursed ring of fire
 O - an uncursed amulet of rage
 P - an uncursed ring of wizardry
 Q - an uncursed amulet of the acrobat
 S - the amulet of the Harvest (around neck) {Gourm rElec rN+ Dex+5}
   (You found it in the Dungeon)

   [amulet of the gourmand]

   It allows you to eat raw meat even when not hungry.
   It affects your dexterity (+5).
   It insulates you from electricity.
   It protects you from negative energy.
 T - a +1 ring of slaying
 X - a +6 ring of dexterity
Wands
 v - a wand of disintegration (7)
 w - a wand of iceblast (7)
 x - a wand of acid (7)
Scrolls
 i - 3 scrolls of blinking
 p - 4 scrolls of amnesia
 q - 7 scrolls of fog
 r - 2 scrolls of holy word
 s - 5 scrolls of identify
 t - 5 scrolls of remove curse
 u - 2 scrolls of fear
Potions
 d - 10 potions of curing
 e - 7 potions of heal wounds
 f - 6 potions of haste
 g - 7 potions of magic
 h - 3 potions of berserk rage
 j - 2 potions of brilliance
 k - 2 potions of invisibility
 l - 4 potions of resistance
 m - a potion of experience
 n - 5 potions of stabbing
 o - 5 potions of might
Books
 W - a manual of Unarmed Combat
Miscellaneous
 F - a lightning rod (4/4)
 L - a phial of floods
 M - 2 phantom mirrors
 N - a tin of tremorstones
Comestibles
 c - 8 rations
 V - a chunk of flesh


   Skills:
 - Level 10.0 Fighting
 * Level 14.1 Long Blades
 - Level 10.0 Armour
 - Level 2.4 Dodging
 - Level 1.0 Stealth
 - Level 9.0 Shields
 * Level 8.2 Invocations
 + Level 4.6 Evocations


You had 10 spell levels left.
You didn't know any spells.
Your spell library contained the following spells:

 Spells                   Type           Power        Failure   Level  Hunger
 Sandblast                Erth           #.....       100%        1    ##.....
 Summon Butterflies       Summ           #.......     100%        1    ##.....
 Summon Small Mammal      Summ           #...         100%        1    ##.....
 Recall                   Summ/Tloc      N/A          100%        3    ####...
 Leda's Liquefaction      Hex/Erth       #.........   100%        4    #####..
 Aura of Abjuration       Summ           #.........   100%        5    ######.
 Summon Demon             Summ           #.........   100%        5    ######.
 Summon Forest            Summ/Tloc      #.........   100%        5    ######.
 Summon Mana Viper        Hex/Summ       #.......     100%        5    ######.
 Shadow Creatures         Summ           N/A          100%        6    #######
 Statue Form              Tmut/Erth      #........    100%        6    #######
 Spellforged Servitor     Conj/Summ      #.........   100%        7    #######


Dungeon Overview and Level Annotations

Branches:
Dungeon (1/1)

Altars:
Ashenzari
Cheibriados
Dithmenos
Elyvilon
Fedhas
Gozag
Hepliaklqana
Kikubaaqudgha
Makhleb
Nemelex Xobeh
Okawaru
Qazlal
Ru
Sif Muna
Trog
Uskayaw
Vehumet
Wu Jian
Xom
Yredelemnul
Zin
The Shining One
Beogh
Jiyva
Lugonu

Annotations:
D 1 transporter


Innate Abilities, Weirdness & Mutations

You are too large for most types of armour.
You have claws for hands.
Your metabolism is lightning-fast.
You like to eat raw meat.
Your natural rate of healing is unusually fast.
You are covered in fur. (AC +1)
You have extremely tough skin. (AC +3)


Message History

Unknown command.
Unknown command.
Unknown command.
Unknown command.
Press: ? - help, Shift-Dir - straight line, f/p - fire giant
Aim: a fire giant, wielding a +0 great sword of flaming (severely wounded)
The sticky flame hits the fire giant.
The fire giant resists.
The fire giant is severely wounded.
The fire giant is covered in liquid flames!
The fire giant casts a spell at you.
The fireball explodes!
The fireball engulfs you!! You resist.
* * * LOW HITPOINT WARNING * * *
The fireball engulfs the fire dragon!
The fire dragon resists.
Unknown command.
You slash the fire dragon!
The fire dragon is almost dead.
The fire giant burns!
The fire dragon breathes flames at you. The blast of flame hits you!!
You resist.
You die...

▓.........▓.....
▓.........▓.....
▓...††....▓.....
▓.........▓...).
▓.▓.....▓.▓.▓...
▓....©....▓...©.
▓▓▓▓▓▓▓▓▓▓▓▓▓▓▓▓▓▓
▓...8©8.. ▓...8©8.
▓@.?:}[|..▓..).[).
▓.D=}|[)..▓...[)))
▓.D.......▓....†..
▓.C.......▓..÷....
▓......)..▓...†÷†÷
▓.........▓.....÷.
▓.....)...▓.▓.....
▓.........▓....©..
▓....©....▓▓▓▓▓▓▓▓


You could see a fire giant (burning) and 2 fire dragons.

Vanquished Creatures
  3 dancing weapons (D)
  2 hell hogs (D)
  A deep elf knight (D)
  A sixfirhy (D)
  A deep elf archer (D)
  A komodo dragon (D)
  A guardian mummy (D)
  2 efreet (D)
  2 jumping spiders (D)
  A polar bear (D)
  An air elemental (D)
  A flying skull (D)
  A water elemental (D)
  2 redbacks (D)
  An ushabti (D)
  3 basilisks (D)
  A fire elemental (D)
  2 spriggans (D)
  A yak (D)
  2 hell hounds (D)
  2 porcupines (D)
  3 black bears (D)
  An ice beast (D)
  2 wolves (D)
  4 scorpions (D)
  2 quasits (D)
  An iron imp (D)
  An orc priest (D)
  An orc wizard (D)
  An iguana (D)
  2 mummies (D)
  A shadow imp (D)
  3 white imps (D)
  3 ufetubi (D)
  3 orcs (D)
  A quokka skeleton (D)
61 creatures vanquished.

Notes
Turn   | Place    | Note
-------+----------+-------------------------------------------
     0 | D        | 15rune the Troll Monk began the quest for the Orb.
     0 | D        | Reached XP level 1. HP: 22/22 MP: 0/0
     0 | D        | Found a shimmering blue altar of Sif Muna.
     0 | D        | Found a sacrificial altar of Ru.
     0 | D        | Found a bloodstained altar of Trog.
     0 | D        | Found a stormy altar of Qazlal.
     0 | D        | Found an iron altar of Okawaru.
     0 | D        | Found a sparkling altar of Nemelex Xobeh.
     0 | D        | Found a blossoming altar of Fedhas.
     1 | D        | Found the +6 Majin-Bo {vamp, Archmagi MP+6 Int+6}
     1 | D        | Found the +7 great mace "Firestarter" {inner flame, rF++}
     2 | D        | Found a transporter.
     2 | D        | Found an ancient bone altar of Kikubaaqudgha.
     2 | D        | Found a viscous altar of Jiyva.
     2 | D        | Found a corrupted altar of Lugonu.
     2 | D        | Found a hazy altar of Hepliaklqana.
     2 | D        | Found a burning altar of Makhleb.
     2 | D        | Found an opulent altar of Gozag.
    25 | D        | Found the +9 heavy crossbow "Sniper" {vorpal, Acc+∞ SInv}
    25 | D        | Found the +10 dark maul {vorpal}
    25 | D        | Found the +15 Maxwell's patent armour {-Cast -Tele rElec
                  | MR+ rCorr}
    25 | D        | Found the +18 shield of the Gong {rElec rN+ MR+ EV-5}
    25 | D        | Found the cursed +14 obsidian axe {vorpal, +Fly SInv
                  | *Curse}
    26 | D        | Found the +6 shillelagh "Devastator" {shatter}
    26 | D        | Found the +11 plutonium sword {*Contam Stlth-}
    26 | D        | Found the +8 lance "Wyrmbane" {slay drac, rPois rF+ rC+
                  | AC+3}
    26 | D        | Found the +9 sword of Zonguldrok {reap}
    26 | D        | Found the cursed +13 scythe of Curses {drain, *Curse}
    26 | D        | Found the +0 sword of Power
    26 | D        | Found the +7 mace of Variability {chain chaos}
    26 | D        | Found the +7 Singing Sword {vorpal, sonic wave}
    26 | D        | Found the +8 storm bow {elec, penet}
    54 | D        | Became a worshipper of Makhleb the Destroyer
    54 | D        | Reached * piety under Makhleb
    54 | D        | Reached ** piety under Makhleb
   200 | D        | Entered arena 2.
   200 | D        | Noticed a wolf
   200 | D        | Noticed a black bear
   200 | D        | Found a transporter.
   203 | D        | Killed a wolf
   203 | D        | Reached skill level 5 in Long Blades
   203 | D        | Reached XP level 2. HP: 32/32 MP: 1/1
   203 | D        | Reached XP level 3. HP: 39/39 MP: 2/2
   203 | D        | Reached XP level 4. HP: 48/48 MP: 3/3
   207 | D        | Killed a black bear
   207 | D        | Reached skill level 6 in Long Blades
   207 | D        | Reached XP level 5. HP: 55/55 MP: 4/4
   216 | D        | Entered arena 3.
   216 | D        | Noticed an ice beast
   216 | D        | Noticed a polar bear
   216 | D        | Found a transporter.
   220 | D        | Killed an ice beast
   220 | D        | Reached *** piety under Makhleb
   220 | D        | Reached skill level 5 in Fighting
   220 | D        | Reached skill level 7 in Long Blades
   220 | D        | Reached XP level 6. HP: 66/66 MP: 5/5
   226 | D        | Killed a polar bear
   226 | D        | Reached skill level 8 in Long Blades
   226 | D        | Reached skill level 5 in Armour
   226 | D        | Reached skill level 5 in Shields
   233 | D        | Entered arena 4.
   233 | D        | Noticed a spriggan
   233 | D        | Noticed a spriggan
   233 | D        | Found a transporter.
   234 | D        | Identified the cursed +1 hand crossbow "Xiufer" {elec, rF+
                  | Int+2}
   235 | D        | Killed a spriggan
   235 | D        | Reached XP level 7. HP: 76/76 MP: 6/6
   236 | D        | Killed a spriggan
   236 | D        | Reached skill level 9 in Long Blades
   236 | D        | Reached **** piety under Makhleb
   242 | D        | Entered arena 5.
   242 | D        | Found a transporter.
   248 | D        | Reached ***** piety under Makhleb
   248 | D        | Reached XP level 8. HP: 87/87 MP: 7/7
   255 | D        | Entered arena 6.
   255 | D        | Found a transporter.
   275 | D        | Got Nopta's Almanac of Earthen Calling
   280 | D        | Entered arena 7.
   280 | D        | Noticed a sixfirhy
   281 | D        | Found a transporter.
   285 | D        | Killed a sixfirhy
   285 | D        | Reached skill level 10 in Long Blades
   293 | D        | Reached ****** piety under Makhleb
   307 | D        | Entered arena 8.
   307 | D        | Noticed a guardian mummy
   307 | D        | Noticed a flying skull
   308 | D        | Found a transporter.
   316 | D        | Killed a guardian mummy
   316 | D        | Reached skill level 11 in Long Blades
   316 | D        | Killed a flying skull
   316 | D        | Reached XP level 9. HP: 96/96 MP: 8/8
   330 | D        | Entered arena 9.
   330 | D        | Noticed a +1 battleaxe of freezing
   330 | D        | Noticed a deep elf archer
   330 | D        | Noticed a +1 short sword of speed
   330 | D        | Noticed a deep elf knight
   330 | D        | Noticed a +1 scimitar of venom
   331 | D        | Identified the +3 falchion "Taquehig" {vorpal, rF- rN++
                  | Int+2}
   332 | D        | Killed a +1 scimitar of venom
   332 | D        | Reached skill level 12 in Long Blades
   332 | D        | Killed a +1 short sword of speed
   333 | D        | Killed a deep elf knight
   333 | D        | Reached skill level 1 in Evocations
   333 | D        | Reached XP level 10. HP: 107/107 MP: 8/10
   334 | D        | Found a transporter.
   335 | D        | Killed a +1 battleaxe of freezing
   344 | D        | Killed a deep elf archer
   344 | D        | Reached skill level 13 in Long Blades
   381 | D        | Entered arena 10.
   382 | D        | Found a transporter.
   397 | D        | Reached skill level 5 in Invocations
   405 | D        | Got the amulet of the Harvest {Gourm rElec rN+ Dex+5}
   420 | D        | Entered arena 11.
   421 | D        | Found the +3 salamander hide armour {+Rage rF++}
   421 | D        | Found a transporter.
   424 | D        | Reached skill level 10 in Fighting
   467 | D        | Entered arena 12.
   467 | D        | Noticed a fire dragon
   467 | D        | Noticed a fire dragon
   467 | D        | Noticed a hell hog
   467 | D        | Noticed a fire giant
   467 | D        | Noticed a hell hog
   468 | D        | Found the +2 hood of the Assassin {Detection Stab+ Stlth++}
   472 | D        | Reached XP level 11. HP: 63/117 MP: 13/15
   472 | D        | Killed a hell hog
   472 | D        | Reached skill level 10 in Armour
   472 | D        | Killed a hell hog
   472 | D        | Reached skill level 14 in Long Blades
   476 | D        | Found a transporter.
   482 | D        | Killed from afar by a fire dragon

Levels and vault maps discovered:
D:        sprint_v [room_start, room_1, room_2, room_3, room_4, room_5, room_6,
          room_7, room_8, room_9, room_10, room_11, room_12, room_13, room_14,
          room_15, room_16, room_17, room_18, room_19, room_20, room_21,
          room_22, room_23, room_24, room_25, room_26, room_27]

Skill      XL: |  1  2  3  4  5  6  7  8  9 10 11 |
---------------+----------------------------------+-----
Fighting       | 3 4 5 6 7 8 9 10 | 10.0
Long Blades    | 5 6 7 8 9 11 12 13 14 | 14.1
Armour         | 2 3 4 5 6 7 9 10 | 10.0
Shields        | 2 3 4 5 6 7 9 |  9.0
Invocations    | 2 6 8 |  8.2
Evocations     | 1 3 4 |  4.6
Dodging        | |  2.4
Stealth        | |  1.0

Action                   |  1- 3 |  4- 6 |  7- 9 | 10-12 || total
-------------------------+-------+-------+-------+-------++-------
Melee: Double sword      |     3 |    13 |    31 |    33 ||    80
Invok: Lesser Servant of |       |       |       |     1 ||     1
       Major Destruction |       |       |       |     2 ||     2
Evoke: Tin of tremorston |       |       |     2 |     3 ||     5
  Use: Potion            |       |       |       |     3 ||     3
       Scroll            |       |       |       |     1 ||     1
  Eat: Chunk             |       |       |       |    10 ||    10
Armor: Gold dragon scale |     4 |    13 |    54 |    30 ||   101
Dodge: Dodged            |       |       |     1 |     1 ||     2
Block: Kite shield       |     7 |    35 |    78 |    64 ||   184

Table legend:
 A = Non-vault XP
 B = Vault XP
 C = Vault XP percentage of total XP
 D = Non-vault monster count
 E = Vault monster count
 F = Vault count percentage of total count
                 A         B        C        D         E       F
            +---------+---------+-------+---------+---------+-------
      Total |       0 |   13526 | 100.0 |       0 |      61 | 100.0
            +---------+---------+-------+---------+---------+-------
          D |       0 |   13526 | 100.0 |       0 |      61 | 100.0
            +---------+---------+-------+---------+---------+-------
